 Seeded DCSS version 0.30.1-11-g7821555f0a (webtiles) character file.

Game seed: 11494843052170448552 (custom seed)

46 Nonny the Covered (level 3, 0/49 HPs)
             Began as a Minotaur Fighter on Nov 15, 2023.
             Succumbed to a goblin's poison
             ... on level 2 of the Dungeon.
             The game lasted 00:01:21 (874 turns).

Nonny the Covered (Minotaur Fighter)                 Turns: 874, Time: 00:01:22

Health: 0/49       AC: 21    Str: 22    XL:     3   Next: 44%
Magic:  2/2        EV:  2    Int:  5    God:
Gold:   92         SH:  4    Dex:  9    Spells: 2/2 levels left

rFire   . . .        a - +0 flail
rCold   . . .        c - +0 buckler
rNeg    . . .        b - melded +0 scale mail
rPois   +            (helmet currently unavailable)
rElec   .            (cloak currently unavailable)
rCorr   .            (gloves currently unavailable)
SInv    .            (boots currently unavailable)
Will    .....        (no amulet)
Stlth   +            (no ring)
HPRegen 0.28/turn    (no ring)
MPRegen 0.08/turn

%: no passive effects
@: lethally poisoned (0 -> -2), tree-form
A: stationary, stasis, torment immunity, boosted hp, (horns 2), (retaliatory
headbutt)
a: no special abilities


You were on level 2 of the Dungeon.
You were a tree.
You visited 1 branch of the dungeon, and saw 2 of its levels.

You collected 92 gold pieces.

Inventory:

Hand Weapons
 a - a +0 flail (weapon)
Missiles
 k - 4 curare-tipped darts (quivered)
Armour
 b - a +0 scale mail (melded)
 c - a +0 buckler (worn)
Scrolls
 e - 2 scrolls of identify {unknown}
 f - a scroll of noise {unknown}
 g - a scroll of fear {unknown}
 h - a scroll of poison {unknown}
Potions
 d - a potion of might
 i - a potion of brilliance {unknown}


   Skills:
 + Level 4.1 Fighting
 + Level 3.1 Maces & Flails
 + Level 4.2 Armour
 + Level 4.1 Shields


You had 2 spell levels left.
You didn't know any spells.
Your spell library was empty.

Dungeon Overview and Level Annotations

Branches:
Dungeon (2/15)

Altars:


Innate Abilities, Weirdness & Mutations

You are a tree.
Your roots penetrate the ground, keeping you stationary.
You cannot be teleported.
You are immune to unholy pain and torment.
Your maximum health is greatly increased.
Your equipment is partially melded.
((You have a pair of horns on your head.))
((You reflexively headbutt those who attack you in melee.))


Message History

You feel very sick. The goblin barely misses you.
* * * LOW HITPOINT WARNING * * *
You feel very sick.
The hobgoblin hits you but does no damage. x2
The goblin hits you with a +0 dagger.
* * * LOW HITPOINT WARNING * * *
Unknown command.
It was a potion of lignification.
You turn into a tree.
Your +0 scale mail melds into your body.
Your roots penetrate the ground.
You feel sick.
The hobgoblin hits you but does no damage. x2
The goblin hits you but does no damage.
The giant cockroach bites you but does no damage.
Unknown command.
You sock the hobgoblin!
You kill the hobgoblin!
You feel sick.
The hobgoblin hits you but does no damage.
The goblin hits you but does no damage.
The giant cockroach bites you but does no damage.
The goblin hits you but does no damage. The hobgoblin hits you.
* * * LOW HITPOINT WARNING * * *
The giant cockroach bites you but does no damage.
You barely miss the goblin.
* * * LOW HITPOINT WARNING * * *
You feel sick.
The giant cockroach bites you but does no damage.
The hobgoblin hits you but does no damage.
The goblin hits you but does no damage.
Unknown command.
You sock the giant cockroach!
You kill the giant cockroach!
* * * LOW HITPOINT WARNING * * *
You feel sick. You block the hobgoblin's attack.
The goblin hits you but does no damage.
Unknown command.
You sock the hobgoblin!
You kill the hobgoblin!
You die...

#############
##.....#.....##############
###.........)<..........)....
............)....#########.#.
........<.♣g...# .#
.#.#.#.......(...# .#
.........).......# ..
.#.#.#..........# ..
.................# .>.
.#.#.#.#.........# ...
.......#.....#..#
#.#.#.#.#.#######.. . .... .#


You could see a goblin (strong).

Vanquished Creatures
  Robin (D:2)
  A dart slug (D:1)
  5 bats
  An endoplasm (D:1)
  A giant cockroach (D:2)
  9 goblins
  5 hobgoblins
  2 jackals (D:1)
  2 quokkas (D:1)
  3 ball pythons (D:1)
  A frilled lizard (D:2)
31 creatures vanquished.

Notes
Turn   | Place    | Note
-------+----------+-------------------------------------------
     0 | D:1      | Nonny the Minotaur Fighter began the quest for the Orb.
     0 | D:1      | Reached XP level 1. HP: 19/19 MP: 0/0
   269 | D:1      | Reached XP level 2. HP: 27/27 MP: 1/1
   853 | D:2      | Noticed Robin
   859 | D:2      | Reached XP level 3. HP: 33/33 MP: 2/2
   866 | D:2      | Killed Robin
   872 | D:2      | HP: 2/49 [poisoned by a goblin]
   874 | D:2      | Succumbed to a goblin's poison

Illustrated notes

Levels and vault maps discovered:
D:1:      ebering_hopf_link, layout_loops_ring, kennysheep_nondescript,
          chequers_avenue
D:2:      minmay_alternating_diamond, layout_rooms, basic_altar, hex_large,
          uniq_robin

Skill      XL: |  1  2  3 |
---------------+----------+-----
Armour         | 4 |  4.2
Shields        | 4 |  4.1
Fighting       | 4 |  4.1
Maces & Flails | 3 |  3.1

Action                     || total
---------------------------++-------
  Melee: Flail             ||    60
         Headbutt          ||     9
    Use: Potion            ||     1
 Armour: Scale mail        ||    39
         Skin              ||    13
  Dodge: Dodged            ||    26
  Block: Buckler           ||    19
